Cogmind - Beta 16.1 @@@ ROGUE MODE // 2026.04.20 @ 22:18:12 Player: JuustuToug Result: Destroyed by V942-y with Heavy Hardcell Cannon Performance ------------- Evolutions (8) 4000 Regions Visited (24) 4800 Robots Destroyed (297) 1485 Value Destroyed (12066) 12066 Prototype IDs (144) 2880 Alien Tech Used (4) 800 Bonus (8104) 8104 TOTAL SCORE: 34135 Bonus ------- High Alert Combat Kills 781 Follower Combat Kills 2342 Network Hubs Disabled 400 Registered with UFD 300 Met Optimus in HQ 500 Met Warlord at Base 500 MAIN.C Attacked Warlord 500 Warlord Defense Kills 1566 Built Enhanced Grunts 300 A7 Reached Mainframe 300 Met R17 at Cetus 500 Met R17 at Research 2000 Scanned by Researcher 500 Friendly Fire -2385 Cogmind --------- Core Integrity 0/1450 Matter 36/300 Energy 100/100 System Corruption 36% Temperature Cool (2) Movement Hovering (40) Location -2/Protoforge Parts ------- > --- POWER (3) -------- (None) > --- PROPULSION (7) --- Gravjet Array > --- UTILITY (11) ----- Experimental Terrain Scan Processor Advanced Target Analyzer Hacking Suite A0-MCA's Component Scanner > --- WEAPON (3) ------- Concept XC Strikerail > --- INVENTORY (5) ---- Experimental Surge Thruster Nanoactuators Crosscalibrator Peak State ------------ > --- POWER ------------ Light Particle Reactor Micro Antimatter Reactor Micro Antimatter Reactor > --- PROPULSION ------- Improved Antigrav System Improved Antigrav System Cooled Antigrav System Combat Antigrav System Antigrav Array Combat Linear Gravjet > --- UTILITY ---------- Experimental Cooling System High-capacity Storage Unit Quantum Shading Machine Advanced Sensor Array Experimental Signal Interpreter Long-range Terrain Scanner Experimental Terrain Scan Processor Centrium Medium Armor Plating Improved Hacking Suite Advanced Hacking Suite Advanced Hacking Suite > --- WEAPON ----------- Matter Neutralizer Enhanced Force Lance > --- INVENTORY -------- Micro Antimatter Reactor Improved Antigrav System Improved Antigrav System Improved Antigrav System Advanced Cryofiber Web Advanced Energy Well Advanced Visual Processing Unit Advanced Sensor Array Nanoactuators Advanced ECM Suite Experimental Shield Generator Improved Point Defense System A0-MCA's Component Scanner Vortex Rifle Potential Cannon Improved Potential Cannon Vortex Catalyst Activator [Rating: 183] Favorites ----------- Power Quantum Reactor Engine Ion Engine Power Core Neutrino Core Reactor Quantum Reactor Propulsion Titanium Leg Treads Light Treads Leg Titanium Leg Wheel Overtuned Huge Scrapsphere Hover Unit Improved Antigrav System Flight Unit Improved Q-thruster Utility High-capacity Storage Unit Device Seismic Detector Storage High-capacity Storage Unit Processor Experimental Core Analyzer Hackware Hacking Suite Protection Improved Light Armor Plating Weapon Improved Medium Laser Energy Gun Improved Medium Laser Energy Cannon Heavy Ion Cannon Ballistic Gun Overtuned Coil Gun Ballistic Cannon Heavy Autocannon Launcher Grenade Launcher Special Weapon CPS Tube Impact Weapon Hammer Slashing Weapon Great Axe Piercing Weapon Enhanced Force Lance Build | -11 -10 -10 -9 -9 -8 -7 -7 -7 -7 -5 -5 -5 -5 -4 -4 -4 -4 -4 -4 -3 -3 -2 -2 -2 ------- Run | Yrd Mat Min Mat Min Mat Fac Sto Rec Scr Fac Upp Upp War Pro Fac Ext Cet Arc Hub Res Tes Res Qua Frg Slots Evolved 16 | . . . 2 . 2 2 . . . 4 . . . . 2 . . . . 2 . 2 . . Power 1 | . . . . . . . . . . 1 . . . . . . . . . . . . . . Propulsion 5 | . . . 1 . 1 1 . . . . . . . . . . . . . 1 . 1 . . Utility 9 | . . . . . 1 1 . . . 3 . . . . 2 . . . . 1 . 1 . . Weapon 1 | . . . 1 . . . . . . . . . . . . . . . . . . . . . Parts Attached 315 | 7 6 3 14 7 12 32 11 10 12 30 6 2 26 2 1 22 17 5 5 31 21 16 4 13 Power 44 | 1 . 1 . 1 1 5 1 2 1 5 1 1 2 . . . 5 . . 8 4 4 . 1 Engine 16 | 1 . . . 1 1 4 1 2 . 4 . 1 . . . . . . . 1 . . . . Core 5 | . . 1 . . . 1 . . 1 1 1 . . . . . . . . . . . . . Reactor 23 | . . . . . . . . . . . . . 2 . . . 5 . . 7 4 4 . 1 Propulsion 82 | 2 3 . 3 4 2 5 5 3 2 7 . . 7 . . 6 2 . 2 9 6 7 . 7 Treads 21 | 2 3 . 3 1 . . 2 1 . 6 . . 1 . . . 2 . . . . . . . Leg 29 | . . . . 3 2 3 3 . 2 . . . 5 . . 6 . . 2 3 . . . . Wheel 3 | . . . . . . 2 . . . 1 . . . . . . . . . . . . . . Hover 22 | . . . . . . . . 2 . . . . 1 . . . . . . 5 6 5 . 3 Flight 7 | . . . . . . . . . . . . . . . . . . . . 1 . 2 . 4 Utility 99 | 2 1 . 2 . 4 8 3 3 3 9 3 . 9 . 1 14 6 5 3 7 8 4 4 . Device 51 | 1 . . 1 . 3 4 1 . 1 4 3 . 5 . 1 8 2 2 1 5 6 2 1 . Storage 9 | 1 1 . 1 . . . 1 . . 2 . . . . . 1 1 . . . 1 . . . Processor 13 | . . . . . . 1 . 1 1 2 . . 2 . . . . . 1 2 . 2 1 . Hackware 10 | . . . . . . . 1 1 . . . . . . . 1 1 3 1 . . . 2 . Protection 16 | . . . . . 1 3 . 1 1 1 . . 2 . . 4 2 . . . 1 . . . Artifact . | . . . . . . . . . . . . . . . . . . . . . . . . . Weapon 90 | 2 2 2 9 2 5 14 2 2 6 9 2 1 8 2 . 2 4 . . 7 3 1 . 5 Energy Gun 35 | . . 2 4 1 . 8 1 . 6 2 1 . 5 2 . . 2 . . 1 . . . . Energy Cannon 14 | . . . 1 . 3 3 . 1 . 1 . 1 . . . . . . . 1 2 1 . . Ballistic Gun 21 | 2 1 . 3 . . . . 1 . 4 1 . 1 . . . 2 . . 3 . . . 3 Ballistic Cannon 2 | . . . . . . . . . . . . . 1 . . . . . . . . . . 1 Launcher 13 | . 1 . . 1 2 2 1 . . 2 . . 1 . . 1 . . . 1 1 . . . Special Weapon 1 | . . . . . . . . . . . . . . . . 1 . . . . . . . . Impact Weapon 1 | . . . 1 . . . . . . . . . . . . . . . . . . . . . Slashing Weapon 2 | . . . . . . 1 . . . . . . . . . . . . . . . . . 1 Piercing Weapon 1 | . . . . . . . . . . . . . . . . . . . . 1 . . . . Special Melee Weapon . | . . . . . . . . . . . . . . . . . . . . . . . . . Unidentified Prototypes 47 | . . . . . 1 2 . . . 1 . 1 18 . . 1 8 . . 5 7 . 1 2 Corrupted Parts 2 | . . . . . . . . . . . . . . . . . 1 . 1 . . . . . System Corruption 14 | . . . . . . . . . . . . . . . . . 5 . 9 . . . . . Parts Lost 99 | . . . . . . 4 12 7 . 7 . 2 3 . . 3 . . 3 12 7 22 5 12 Power 21 | . . . . . . 1 2 2 . 1 . . . . . . . . 2 3 3 5 1 1 Propulsion 31 | . . . . . . 1 4 2 . 2 . 1 . . . . . . . 4 2 9 1 5 Utility 28 | . . . . . . 1 4 1 . 3 . 1 1 . . 3 . . . 1 2 6 2 3 Weapon 19 | . . . . . . 1 2 2 . 1 . . 2 . . . . . 1 4 . 2 1 3 Highest Loss Streak 17 | . . . . . . 3 12 5 . 3 . 1 2 . . 2 . . 3 5 4 17 5 7 To Critical Strikes 1 | . . . . . . . . . . . . . . . . . . . . 1 . . . . Average Backups 16 | 1 8 9 13 19 18 19 18 18 19 18 16 15 15 18 16 18 19 19 18 17 17 14 3 3 Power . | . 1 1 1 1 1 . . . . 1 1 1 . 1 1 1 . 1 . . . . . . Propulsion 3 | . 2 4 5 6 4 4 2 . . 3 3 4 3 5 5 5 5 5 4 2 1 1 . 1 Utility 6 | . . 1 2 5 6 8 10 12 12 7 6 5 5 5 3 4 5 6 6 7 9 7 1 1 Weapon 5 | . 4 3 5 6 6 6 4 5 5 4 4 4 5 6 6 6 6 7 6 6 5 3 1 . Tool/Special . | . . . . . . . . . . . . . . . . . . . . . . . . . Unused Backups 91 | . 5 . 6 2 11 8 . 3 10 12 2 . 6 . . 6 2 1 2 3 4 4 1 3 Power . | . . . . . . . . . . . . . . . . . . . . . . . . . Propulsion 20 | . 1 . 3 . 1 . . . . 4 . . 3 . . 4 . . 1 1 1 . . 1 Utility 41 | . 2 . . 1 3 2 . 3 9 6 1 . 2 . . 1 1 1 1 . 1 4 1 2 Weapon 27 | . 2 . 3 1 7 5 . . 1 1 1 . 1 . . . 1 . . 2 2 . . . Tool/Special 3 | . . . . . . 1 . . . 1 . . . . . 1 . . . . . . . . Average Slot Usage (%) 89 | . 100 100 97 100 99 94 83 78 87 86 80 72 75 94 94 94 90 89 89 90 85 76 39 40 Engine 2 | . 14 1 . 6 9 5 6 3 . 3 . . 1 . . . . . . . . . . . Core 3 | . . 12 11 5 . 1 . . 2 4 9 7 3 . . . . . . . . . . . Reactor 3 | . . . . . . . . . . . . . 4 11 10 10 14 15 13 8 11 9 1 . Treads 8 | . 28 28 31 10 . . 5 . 6 12 5 5 4 . . . 8 10 9 . . . . . Leg 14 | . . . . 22 35 28 14 23 29 7 5 2 6 27 25 25 8 5 6 20 . . . . Wheel 1 | . . . . . . 4 6 . . 3 5 5 4 . . . . . . . . . . . Hover 1 | . . . . . . . . 6 . . . . . . . . . . . 4 21 20 4 4 Device 12 | . 14 14 11 11 16 15 9 4 . 13 17 16 14 11 19 16 19 16 14 13 12 12 3 . Storage 7 | . 14 14 11 11 9 7 7 7 7 5 5 5 5 5 5 5 5 5 5 4 4 3 . . Processor 4 | . . . . . . . . 3 7 6 5 5 6 11 10 5 5 5 9 9 10 8 18 17 Hackware 4 | . . . . . . . 4 6 7 5 5 5 5 5 5 9 10 12 15 13 13 10 5 7 Protection 2 | . . . . . . 5 4 5 6 3 . . . 5 5 8 5 5 1 3 2 2 . . Energy Gun 8 | . . 18 19 22 3 8 14 5 8 4 5 4 5 11 10 10 11 10 9 4 . . . . Energy Cannon 4 | . . . 8 . 20 13 6 2 . . . . . 2 5 5 . . . . 2 2 . . Ballistic Gun 5 | . 27 9 4 10 1 . . 3 . 7 11 10 9 2 . . 2 5 5 5 . . . 1 Peak Build Rating 183 | 7 10 14 25 30 40 57 56 43 44 83 89 94 141 142 146 147 163 162 160 165 182 183 88 117 Average Rating 70 | 5 7 13 22 26 36 47 47 32 37 68 87 85 104 139 145 142 152 159 152 148 160 150 72 82 On Entrance 79 | . 7 10 14 25 26 37 49 18 27 44 83 89 82 141 139 146 142 160 160 141 147 151 77 73 Avg Prop Armor Cover (%) 11 | . . . . . 4 11 14 7 9 12 15 14 12 . . . 2 2 2 4 . 16 12 17 Naked Turns . | . . . . . . . . . . . . . . . . . . . . . . . . . Heaviest Build 135 | 15 21 25 62 60 72 84 76 66 59 92 89 89 135 121 125 134 129 129 127 127 105 99 22 22 Greatest Support 160 | 40 46 46 66 66 68 82 39 39 72 108 20 20 135 135 135 140 160 160 160 155 101 118 17 60 Greatest Overweight (x) 6 | . . . . 1 1 2 2 1 1 4 4 4 6 . . . 1 . . . 1 1 2 3 Average Overweight (x) . | . . . . . . 1 1 1 . 2 3 3 3 . . . . . . . . . . . Largest Inventory Capacity 20 | 8 10 10 20 20 20 20 20 20 20 20 20 20 20 20 20 20 20 20 20 20 20 20 5 5 Average Capacity 18 | 6 9 10 15 20 20 20 20 20 20 20 20 20 20 20 20 20 20 20 20 20 20 18 5 5 Most Carried 20 | 3 10 10 20 20 20 20 20 20 20 20 20 20 20 20 20 20 20 20 20 20 20 20 5 5 Average Carried 17 | 1 8 9 13 19 19 19 18 18 19 19 19 19 19 20 18 19 19 19 19 18 19 16 4 4 Final Capacity 20 | 8 10 10 20 20 20 20 20 20 20 20 20 20 20 20 20 20 20 20 20 20 20 5 5 5 Final Carried 20 | 3 10 10 20 20 20 20 15 18 20 20 20 20 20 20 18 20 20 20 18 20 20 5 5 3 Scrap Suit Usage (%) 1 | . . . . . . . . . . 1 3 . 9 . . . . . . . . . . . Parts Cannibalized 5 | . . . . . . . . . . . 3 . 2 . . . . . . . . . . . Class Distribution -------------------- 21% | Mutant 19% | Gunner 12% | Scavenger-Scrapper 11% | Tank 8% | Scavenger-Tank 5% | Commander-Tank 4% | Scavenger-Skirmisher 3% | Scavenger-Mutant 3% | Hacker-Mutant Dominant Class ---------------- Mutant | -10/Materials Scavenger-Mutant | -10/Mines Gunner | -9/Materials Gunner | -9/Mines Gunner | -8/Materials Tank | -7/Factory Tank | -7/Storage Mutant | -7/Recycling Mutant | -7/Scraptown Scavenger-Scrapper | -5/Factory Scavenger-Scrapper | -5/Upper Caves Scavenger-Scrapper | -5/Upper Caves Scavenger-Scrapper | -5/Warlord Scavenger-Tank | -4/Proximity Caves Scavenger-Tank | -4/Factory Scavenger-Tank | -4/Extension Commander-Tank | -4/Cetus Scavenger-Tank | -4/Archives Scavenger-Skirmisher | -4/Hub_04(d) Scavenger-Gunner | -3/Research Hacker-Mutant | -3/Testing Hacker-Scout | -2/Research Hacker-Scout | -2/Quarantine Hacker-Mutant | -2/Protoforge Resources | -11 -10 -10 -9 -9 -8 -7 -7 -7 -7 -5 -5 -5 -5 -4 -4 -4 -4 -4 -4 -3 -3 -2 -2 -2 ----------- Run | Yrd Mat Min Mat Min Mat Fac Sto Rec Scr Fac Upp Upp War Pro Fac Ext Cet Arc Hub Res Tes Res Qua Frg Matter Collected 6729 | 289 297 225 314 186 163 713 133 255 85 937 280 101 543 20 30 272 234 208 213 663 410 135 6 17 Remotely . | . . . . . . . . . . . . . . . . . . . . . . . . . Salvage Created 12596 | 90 584 74 1420 284 571 1550 535 179 . 1280 425 185 329 169 15 1434 521 588 679 650 590 330 . 114 Parts 619 | 9 39 10 58 22 32 67 15 8 . 72 6 6 13 10 . 58 22 43 29 20 51 26 . 3 Haulers Intercepted 7 | . 2 . 5 . . . . . . . . . . . . . . . . . . . . . Recyclers Shooed 9 | 1 1 . 1 . . . . . . 2 . . . . . 1 . . . 2 . 1 . . Parts Field Recycled . | . . . . . . . . . . . . . . . . . . . . . . . . . Retrieved Matter . | . . . . . . . . . . . . . . . . . . . . . . . . . Parts Self-Destructed 22 | . . . . . . . . . . . 8 5 . 9 . . . . . . . . . . Prevented 1 | . . . . . . . . . . . . 1 . . . . . . . . . . . . Parts Restored . | . . . . . . . . . . . . . . . . . . . . . . . . . Kills | -11 -10 -10 -9 -9 -8 -7 -7 -7 -7 -5 -5 -5 -5 -4 -4 -4 -4 -4 -4 -3 -3 -2 -2 -2 ------- Run | Yrd Mat Min Mat Min Mat Fac Sto Rec Scr Fac Upp Upp War Pro Fac Ext Cet Arc Hub Res Tes Res Qua Frg Combat Hostiles Destroyed 194 | . 13 5 17 8 16 26 7 2 . 18 6 2 13 2 . 13 4 2 12 7 9 5 . 7 Melee 14 | . . . . . . . . 2 . . . . . . . . . . . . 9 2 . 1 Guns 69 | . 7 2 9 3 . 6 2 . . 8 6 . 2 2 . 3 1 2 4 7 . 2 . 3 Cannons 36 | . . . 4 . 8 12 2 . . . . 2 . . . 7 1 . . . . . . . AOE 64 | . 6 3 2 5 6 8 2 . . 10 . . 11 . . . . . 7 . . 1 . 3 Classes Destroyed 25 | 3 4 1 2 . 2 3 . . . 1 1 2 3 1 . 1 . . . . . . . 1 Worker 17 | 1 2 . 5 . . . . . . 3 . . . . . . . . 3 . . 3 . . Builder 19 | . . . 2 1 1 2 1 . . 5 . . . . . 2 . . 2 . 2 . 1 . Tunneler 8 | 1 . . 3 1 . . . . . 3 . . . . . . . . . . . . . . Hauler 7 | . 2 . 5 . . . . . . . . . . . . . . . . . . . . . Recycler 18 | 1 1 . 4 . . 4 2 1 . 1 . . . . . 2 . . 1 1 . . . . Minesweeper 1 | . . . . . . . . . . . . 1 . . . . . . . . . . . . Mechanic 1 | . . . . . . 1 . . . . . . . . . . . . . . . . . . Operator 12 | . . . . . 1 1 . . . . . . . . 1 . . 8 1 . . . . . Watcher 11 | . 1 . 1 . 1 4 . . . 1 . . . . . 1 . . 1 . . 1 . . Swarmer 33 | . 3 3 3 . 7 4 . . . 5 . . 1 . . . . . . . 2 . . 5 Grunt 73 | . 10 1 8 6 4 8 3 . . 8 2 . 6 . . 6 . . 7 3 1 . . . Brawler 7 | . . . . . . 3 . . . . 2 . 1 . . . . . . 1 . . . . Duelist 2 | . . . . . 1 1 . . . . . . . . . . . . . . . . . . Protector 1 | . . . . . . . . . . . . . 1 . . . . . . . . . . . Sentry 33 | . . . 6 2 4 5 3 2 . 2 1 . . . . 3 . 2 1 2 . . . . Demolisher 3 | . . 1 . . . . . . . . . . 2 . . . . . . . . . . . Specialist 1 | . . . . . . . . . . . . . 1 . . . . . . . . . . . Hunter 10 | . . . . . . . . . . . . 2 . 2 . 3 . . 2 1 . . . . Programmer 22 | . . . . . . 5 1 . . 3 . . . . . . . . 2 . 6 5 . . Behemoth 1 | . . . . . . . . . . . . . . . . 1 . . . . . . . . Cetus Guard 4 | . . . . . . . . . . . . . . . . . 4 . . . . . . . Enhanced Grunt 1 | . . . . . . . . . . . . . . . . . . 1 . . . . . . Decapitator 2 | . . . . . . . . . . . . . . . . . . . . . . . . 2 Executioner 1 | . . . . . . . . . . . . . 1 . . . . . . . . . . . Scrapoid 3 | . . . . . . . . . . 3 . . . . . . . . . . . . . . Decomposer 2 | . . . . . . . . . . . . 2 . . . . . . . . . . . . Tinkerer 1 | . . . . . . . . . . . . . . 1 . . . . . . . . . . Thug 2 | . . . . . . . . . . . . . . . . 1 1 . . . . . . . Savage 1 | . . . . . . . . . . . . . . . . . 1 . . . . . . . Guerrilla 1 | . . . . . . . . . . . . . . . . . . 1 . . . . . . Mutant 1 | . . . . . . . . . . . 1 . . . . . . . . . . . . . Best Kill Streak 16 | 2 5 3 9 3 8 8 4 1 . 8 4 2 11 2 1 3 2 6 16 3 3 3 1 5 Combat Bots Only 11 | . 3 3 7 3 7 5 2 1 . 5 4 2 11 2 . 2 2 2 9 3 3 3 . 5 Max Kills in Single Turn 8 | 1 2 2 2 1 5 3 4 1 . 4 2 1 7 1 1 1 1 2 8 2 1 1 1 3 Gunslinging 1 | . . . . . . . . . . . 1 . . . . . . . . . . . . . Exploded 7 | . 2 2 1 1 4 2 2 . . 3 . . 7 . . . . . 4 . . 1 . 3 Melee 1 | . . . . . . . . 1 . . . . . . . . . . . . 1 1 . 1 Uniques/NPCs Destroyed 1 | . . . . . . . . . . . . . . . . . 1 . . . . . . . A7 (-4/Cetus) Combat | -11 -10 -10 -9 -9 -8 -7 -7 -7 -7 -5 -5 -5 -5 -4 -4 -4 -4 -4 -4 -3 -3 -2 -2 -2 -------- Run | Yrd Mat Min Mat Min Mat Fac Sto Rec Scr Fac Upp Upp War Pro Fac Ext Cet Arc Hub Res Tes Res Qua Frg Hostile Shots Fired 1944 | . 53 14 70 22 62 184 316 126 . 125 15 62 75 20 14 73 21 4 127 138 96 135 52 140 Missed 653 | . 15 4 17 8 16 67 125 45 . 30 5 22 30 12 6 20 6 1 36 50 29 31 24 54 Hits 1291 | . 38 10 53 14 46 117 191 81 . 95 10 40 45 8 8 53 15 3 91 88 67 104 28 86 Melee 21 | . . . . . 3 2 . . . . . . 2 . . . . . . . . . . 14 Projectile 1270 | . 38 10 53 14 43 115 191 81 . 95 10 40 43 8 8 53 15 3 91 88 67 104 28 72 AOE 10 | . . 6 . . . . . . . . . . . . . . . . . 3 . . . 1 Critical Strikes 65 | . . 1 . . 1 3 . . . 4 2 2 1 . . 4 3 . 5 4 8 12 1 14 Part Disruptions 3 | . . . . . . . 1 . . . . . . . . . . . . . . 2 . . Damage Taken 23566 | . 433 288 662 174 622 1807 1730 626 . 2161 204 663 1305 100 154 1296 366 75 1863 1937 1558 2542 482 2518 Core 3183 | . 64 61 54 36 145 143 260 79 . 113 62 23 164 . . 94 31 . 186 91 217 222 202 936 Absorbed by Shields 233 | . . . . . . . . . . . . . . . . 155 67 . . . . . . 11 Reduced by Siege Mode 129 | . . . . . . . . . . . 25 44 . . . . . . 60 . . . . . Regen/Repaired (Parts) 921 | . . . 138 . . 135 . . . . 18 . 232 . . . 50 22 56 221 49 . . . Core Remaining (%) 67 | 100 . 50 . 77 73 . . . 31 . . . . 63 . . . . 72 . 76 . . . Volleys Fired 699 | 5 47 7 50 14 35 108 32 2 . 78 33 22 18 6 8 54 29 23 26 46 3 36 8 9 Largest 3 | 2 2 2 3 3 3 3 3 3 . 3 3 3 3 3 3 3 3 3 3 3 1 1 1 2 Hottest 515 | 40 40 90 180 137 195 227 227 164 . 164 164 190 188 246 246 246 245 195 515 240 105 105 40 102 Shots Fired 1445 | 10 88 12 132 30 89 213 73 6 . 143 66 43 31 18 11 146 71 63 54 91 3 34 8 10 Gun 1018 | 10 82 10 94 24 9 65 52 4 . 130 66 35 29 16 3 92 64 63 52 90 . 14 6 8 Cannon 377 | . . . 35 . 78 137 19 2 . 4 . 8 . 2 8 52 7 . . 1 3 20 . 1 Launcher 49 | . 6 2 3 6 2 11 2 . . 9 . . 2 . . 1 . . 2 . . . 2 1 Special 1 | . . . . . . . . . . . . . . . . 1 . . . . . . . . Kinetic 360 | 10 82 6 10 8 3 . . 2 . 78 39 14 9 . . . 2 21 17 50 . . . 9 Thermal 1014 | . . 4 119 16 84 202 71 4 . 56 27 29 19 18 11 144 69 42 35 41 3 20 . . Explosive 41 | . 6 2 3 6 2 11 2 . . 9 . . . . . . . . . . . . . . Electromagnetic 1 | . . . . . . . . . . . . . . . . 1 . . . . . . . . Entropic 28 | . . . . . . . . . . . . . 3 . . . . . 2 . . 14 8 1 Robot Hit Streak 18 | 2 12 3 14 4 8 16 18 6 . 12 14 7 8 11 8 11 10 10 7 7 . 12 1 7 Robot Miss Streak 6 | 2 3 1 2 2 3 4 3 . . 5 3 4 2 2 1 3 6 3 4 3 . 2 3 5 Penetration Max 2 | . . . . . . . . . . 1 1 . 1 . . . 1 . 2 1 . . . . Secondary Targets 8 | . 1 . . . . . . . . . 3 . . . . . . 1 1 2 . . . . Max Gunslinging Chain 1 | . 1 . . . . . . . . . 1 . . . . . . 1 1 1 . . . . Shots Hit Robots 851 | 4 54 7 84 16 43 95 37 22 . 74 39 25 19 10 2 101 44 38 22 51 24 28 1 11 Core Hits 492 | 4 30 7 39 18 21 62 18 3 . 63 12 7 25 6 1 53 21 23 25 23 12 8 2 9 Critical Kills 12 | . . . . . 1 . . . . . 2 . 1 1 . 1 1 2 . 3 . . . . Critical Parts Destroyed 11 | . 1 . 1 . . . . . . 2 2 1 . . . . . 1 . 2 . 1 . . Critical Strikes 74 | . 1 . 9 1 2 4 1 3 . 7 6 4 2 1 1 10 3 3 . 6 5 2 . 3 Burn 39 | . . . 8 1 1 4 1 1 . 5 2 3 1 . 1 9 2 . . . . . . . Meltdown 3 | . . . . . 1 . . . . . . . . 1 . 1 . . . . . . . . Destroy 19 | . 1 . . . . . . . . 2 4 1 1 . . . 1 3 . 6 . . . . Smash 1 | . . . 1 . . . . . . . . . . . . . . . . . . . . . Sever 5 | . . . . . . . . 2 . . . . . . . . . . . . . . . 3 Impale 6 | . . . . . . . . . . . . . . . . . . . . . 5 1 . . Detonate 1 | . . . . . . . . . . . . . . . . . . . . . . 1 . . Melee Attacks 109 | . . . 8 . . 3 . 17 . 13 . . . . . . . . . . 38 21 . 9 Impact 8 | . . . 8 . . . . . . . . . . . . . . . . . . . . . Slashing 42 | . . . . . . 3 . 17 . 13 . . . . . . . . . . . . . 9 Piercing 59 | . . . . . . . . . . . . . . . . . . . . . 38 21 . . Sneak Attacks 13 | . . . 3 . . . . 4 . 1 . . . . . . . . . . 2 3 . . Combat Hostiles . | . . . . . . . . . . . . . . . . . . . . . . . . . Follow-up Attacks . | . . . . . . . . . . . . . . . . . . . . . . . . . Damage Inflicted 37097 | 77 1122 295 1878 651 1610 3913 1471 905 . 4405 1282 721 3727 267 44 3126 1528 1241 2842 1600 1184 1895 182 1131 Guns 15798 | 77 642 75 1115 180 118 749 654 74 . 2297 1282 546 480 232 44 1624 1355 1241 638 1548 . 566 43 218 Cannons 5305 | . . . 380 . 1027 1536 360 46 . . . 175 . 35 . 1283 173 . . . . 290 . . Explosions 12516 | . 473 217 199 449 459 1595 455 . . 2017 . . 3247 . . 107 . . 2147 . . 215 139 797 Melee 3162 | . . . 173 . . . . 785 . 91 . . . . . . . . . . 1184 824 . 105 Ramming 316 | . 7 3 11 22 6 33 2 . . . . . . . . 112 . . 57 52 . . . 11 Kinetic 5924 | 77 642 43 75 60 33 . . 27 . 1650 1054 238 130 . . . 52 398 278 949 . . . 218 Thermal 14785 | . . 32 1420 120 1112 2285 1014 93 . 647 228 483 350 267 44 2907 1476 843 360 599 . 505 . . Explosive 5794 | . 473 217 199 449 459 1595 455 . . 1947 . . . . . . . . . . . . . . Electromagnetic 177 | . . . . . . . . . . 70 . . . . . 107 . . . . . . . . Impact 173 | . . . 173 . . . . . . . . . . . . . . . . . . . . . Slashing 981 | . . . . . . . . 785 . 91 . . . . . . . . . . . . . 105 Piercing 2008 | . . . . . . . . . . . . . . . . . . . . . 1184 824 . . Entropic 6939 | . . . . . . . . . . . . . 3247 . . . . . 2147 . . 566 182 797 Highest Corruption 36 | . . . . . . 9 4 4 . 7 7 7 7 . . . 5 5 15 . 12 24 26 36 Average Corruption 7 | . . . . . . 5 4 4 . 6 7 7 7 . . . 5 4 7 . 9 14 25 28 Corruption Purged 10 | . . . . . . 5 . . . . . . . . . . . 5 . . . . . . Corruption Blocked . | . . . . . . . . . . . . . . . . . . . . . . . . . Effects 263 | . . . . . . 52 10 31 . 33 25 20 . . . . 11 5 9 . 10 13 18 26 Message Errors 62 | . . . . . . 15 1 9 . 6 7 3 . . . . 4 . 1 . 2 3 5 6 Matter Fused 49 | . . . . . . 12 2 10 . 2 6 4 . . . . 4 3 4 . . 1 . 1 Heat Flow Errors 37 | . . . . . . 7 2 . . 8 5 2 . . . . . 1 1 . 2 1 4 4 Energy Discharges 27 | . . . . . . 4 2 4 . 6 1 2 . . . . 1 . 1 . 2 . 3 1 Parts Rejected 5 | . . . . . . 1 1 . . . . 1 . . . . . . 1 . . 1 . . Parts Fused 5 | . . . . . . 1 . 1 . . 1 1 . . . . . . . . 1 . . . Data Loss (minor) 28 | . . . . . . 6 1 3 . 4 2 3 . . . . 1 . 1 . 2 3 1 1 Data Loss (major) 11 | . . . . . . 4 . 2 . 1 . 1 . . . . . . . . 1 . . 2 Misfires 9 | . . . . . . 2 1 . . 3 1 2 . . . . . . . . . . . . Alerts 7 | . . . . . . . . 2 . 1 2 1 . . . . 1 . . . . . . . Misdirections 18 | . . . . . . . . . . . . . . . . . . . . . . 2 5 11 Weapon Failures 5 | . . . . . . . . . . 2 . . . . . . . 1 . . . 2 . . Overload Shots 18 | . . . . . . . . . . . . . . . . . . . 12 6 . . . . Effects 1 | . . . . . . . . . . . . . . . . . . . . 1 . . . . Heat Surge 1 | . . . . . . . . . . . . . . . . . . . . 1 . . . . Overflow Damage 1421 | . . 3 148 . 58 115 16 115 . . . 33 168 . . 56 . . 72 . 167 276 . 194 Projectiles 165 | . . . 15 . 56 34 . . . . . 33 . . . 18 . . . . . 9 . . Explosions 550 | . . 3 . . 2 81 16 . . . . . 168 . . . . . 65 . . 21 . 194 Melee 706 | . . . 133 . . . . 115 . . . . . . . 38 . . 7 . 167 246 . . Knockbacks 2 | . . . . . . . . . . . . . . . . 1 . . 1 . . . . . Impact 2 | . . . . . . . . . . . . . . . . 1 . . 1 . . . . . Kinetic . | . . . . . . . . . . . . . . . . . . . . . . . . . Secondary . | . . . . . . . . . . . . . . . . . . . . . . . . . Self-Inflicted Damage 885 | . 9 25 11 . 24 154 96 . . 225 . . . . . 16 . . 159 . . 55 . 111 Shots 17 | . 1 2 1 . 1 3 2 . . 3 . . . . . 1 . . 1 . . 1 . 1 Rammed 10 | . 4 1 . 1 . . 1 . . . . . . . . . . . 2 . . . . 1 Targets Rammed 26 | . 5 1 2 5 1 4 1 . . . . . . . . 2 . . 3 1 . . . 1 Kicked 11 | . . . . 3 1 4 . . . . . . . . . 2 . . . 1 . . . . Crushed 5 | . 1 . 2 1 . . . . . . . . . . . . . . 1 . . . . . Highest Temperature 568 | . 2 39 460 198 145 371 349 222 . 568 267 208 253 36 51 315 218 179 450 393 274 141 134 154 Average Temperature 104 | . 1 19 131 70 40 87 116 115 . 162 115 115 68 16 34 83 76 62 136 96 77 33 61 92 Received Heat Transfer 3934 | . 207 42 174 87 180 513 567 204 . 464 36 54 394 . 54 204 45 9 219 217 48 9 . 207 Effects 21 | . . . 4 . . 2 . . . 8 1 . . . . 1 . . 4 1 . . . . Shutdowns 6 | . . . 1 . . . . . . 3 . . . . . . . . 1 1 . . . . Energy Bleed 3 | . . . . . . 1 . . . . 1 . . . . 1 . . . . . . . . Interference 9 | . . . 2 . . . . . . 5 . . . . . . . . 2 . . . . . Damage (minor) 3 | . . . 1 . . 1 . . . . . . . . . . . . 1 . . . . . Siege Activations 4 | . . . . . . . . . . . 2 1 . . . . . . 1 . . . . . Total Turns 71 | . . . . . . . . . . . 36 19 . . . . . . 16 . . . . . Longest Duration 19 | . . . . . . . . . . . 19 19 . . . . . . 16 . . . . . Martial Activations . | . . . . . . . . . . . . . . . . . . . . . . . . . Shielding Activations . | . . . . . . . . . . . . . . . . . . . . . . . . . Robots Disrupted . | . . . . . . . . . . . . . . . . . . . . . . . . . Combat Hostiles . | . . . . . . . . . . . . . . . . . . . . . . . . . Robots Corrupted 4 | . . . 3 . . . . . . . . . . . . 1 . . . . . . . . Combat Hostiles . | . . . . . . . . . . . . . . . . . . . . . . . . . Parts Fried 10 | . . . 6 . . . . . . . . . . . . 4 . . . . . . . . Impact Corruptions 9 | . . . 7 . . . . . . . . . . . . 1 . . 1 . . . . . Robots Melted 12 | . . . 2 . 2 . 1 . . . . . . 1 . 3 2 . 1 . . . . . Combat Hostiles 11 | . . . 2 . 2 . 1 . . . . . . . . 3 2 . 1 . . . . . Parts Melted 84 | . . . 14 1 4 15 5 1 . 5 . 9 1 3 1 13 3 3 3 2 1 . . . Heat Transferred 25709 | . . 87 3515 333 1665 3858 1554 222 . 1550 600 1085 675 446 187 5253 1928 1147 518 777 . 309 . . Parts Sabotaged . | . . . . . . . . . . . . . . . . . . . . . . . . . Parts Stolen . | . . . . . . . . . . . . . . . . . . . . . . . . . Parts Stripped . | . . . . . . . . . . . . . . . . . . . . . . . . . Power Chain Reactions . | . . . . . . . . . . . . . . . . . . . . . . . . . Alert | -11 -10 -10 -9 -9 -8 -7 -7 -7 -7 -5 -5 -5 -5 -4 -4 -4 -4 -4 -4 -3 -3 -2 -2 -2 ------- Run | Yrd Mat Min Mat Min Mat Fac Sto Rec Scr Fac Upp Upp War Pro Fac Ext Cet Arc Hub Res Tes Res Qua Frg Maximum Alert Level 4 | . . . 1 . 1 2 2 . . 4 . . . . . 2 2 1 3 1 . . . 2 Low Security (%) 67 | 100 100 100 74 100 84 46 37 100 . 31 . . . . 100 53 . 5 4 84 100 100 100 53 Level 1 20 | . . . 25 . 15 48 58 . . 6 . . . . . 24 37 94 35 15 . . . 39 Level 2 8 | . . . . . . 5 4 . . 29 . . . . . 22 62 . 35 . . . . 7 Level 3 2 | . . . . . . . . . . 27 . . . . . . . . 24 . . . . . Level 4 . | . . . . . . . . . . 5 . . . . . . . . . . . . . . Level 5 . | . . . . . . . . . . . . . . . . . . . . . . . . . High Security . | . . . . . . . . . . . . . . . . . . . . . . . . . Max Security . | . . . . . . . . . . . . . . . . . . . . . . . . . Peak Influence 1508 | 5 113 68 282 106 246 416 417 172 . 1508 . . . . 7 681 503 357 808 394 89 92 184 424 Initial 393 | . 3 17 . 106 7 107 189 160 . . . . . . . . 372 137 80 393 2 27 . 97 Average 166 | 1 44 9 122 32 86 183 232 55 . 529 . . . . 1 220 419 283 485 82 29 51 52 224 Influence Increases 11424 | 15 500 134 844 224 507 923 532 259 . 1971 124 100 335 50 17 1170 365 324 1186 358 304 342 256 584 Destroy 0b10 Robot/C 4820 | . 260 100 460 160 320 520 140 40 . 580 120 40 240 40 . 560 160 80 440 140 180 100 . 140 Destroy 0b10 Robot/NC 520 | 15 30 . 105 10 15 60 15 5 . 75 . 5 5 . 5 30 10 40 55 5 10 20 5 . Destroy Leader 864 | . 66 20 134 20 82 148 40 . . 124 . 10 . 10 . 34 . . 94 40 10 22 . 10 Allied During Kill 1213 | . . . 17 . . . . . . 183 4 . . . . 469 170 120 250 . . . . . Successful Hack 350 | . 26 . 34 . 16 21 12 34 . 7 . . . . . 5 7 . . 70 30 74 14 . Select Force Hacks 350 | . 60 . 30 . . 30 . 180 . . . . . . . . . . 50 . . . . . Disable Machine 975 | . . . 15 . 15 45 15 . . 585 . . . . . . . 60 75 30 60 . 30 45 Anti-Garrison Action 350 | . . . . . . . 150 . . . . . . . . . . . . . . . . 200 Destroy Structure 1247 | . 43 14 34 34 59 99 40 . . 312 . . . . 12 72 18 24 222 28 14 66 117 39 Partial Spotted 60 | . . . . . . . . . . . . . . . . . . . . 15 . 45 . . Lose Combat Pursuer 675 | . 15 . 15 . . . 120 . . 105 . 45 90 . . . . . . 30 . 15 90 150 Influence Decreases 11080 | 10 460 179 571 477 289 745 537 670 . 503 940 423 439 275 17 505 687 436 667 1103 260 391 82 414 Entered New Map 3151 | . 2 28 . 167 13 131 227 251 . . 544 125 329 225 . . 293 206 151 357 3 22 . 77 Time Decay 6163 | 10 458 151 480 310 276 544 190 397 . 353 356 278 90 50 17 385 334 190 326 358 213 207 70 120 Lost Part 746 | . . . . . . 40 120 22 . 70 . 20 20 . . 20 . . 30 80 44 152 8 120 Lost Ally 563 | . . . 35 . . 30 . . . 80 40 . . . . 100 60 40 160 8 . 10 . . Purge Threat 457 | . . . 56 . . . . . . . . . . . . . . . . 300 . . 4 97 Squads Dispatched 65 | . 3 . 3 . 1 14 6 . . 13 . . . . . 3 . . 5 6 1 3 4 3 Investigation 22 | . 2 . 2 . . 2 1 . . 6 . . . . . 2 . . 3 3 . . . 1 Extermination 15 | . . . . . . 6 1 . . 2 . . . . . . . . 1 . 1 2 1 1 Reinforcement 22 | . 1 . 1 . 1 3 2 . . 4 . . . . . 1 . . 1 3 . 1 3 1 Assault 3 | . . . . . . . 2 . . 1 . . . . . . . . . . . . . . Garrison 3 | . . . . . . 3 . . . . . . . . . . . . . . . . . . Intercept . | . . . . . . . . . . . . . . . . . . . . . . . . . Searches Triggered . | . . . . . . . . . . . . . . . . . . . . . . . . . Construction Impeded 6 | . . . . . . 1 1 . . 2 . . . . . 1 . . . . . 1 . . Haulers Reinforced 4 | . . . . . . . 1 . . 1 . . . . . . . . . 2 . . . . Active Scanning Responses . | . . . . . . . . . . . . . . . . . . . . . . . . . Cargo Convoy Interrupts . | . . . . . . . . . . . . . . . . . . . . . . . . . Stealth | -11 -10 -10 -9 -9 -8 -7 -7 -7 -7 -5 -5 -5 -5 -4 -4 -4 -4 -4 -4 -3 -3 -2 -2 -2 --------- Run | Yrd Mat Min Mat Min Mat Fac Sto Rec Scr Fac Upp Upp War Pro Fac Ext Cet Arc Hub Res Tes Res Qua Frg Distress Signals 20 | . . . 1 . 4 . 1 . . 1 . . . . . 5 2 . 2 2 . 2 . . Communications Jammed 54 | . . . . . . . 1 . . 2 . 1 . . . 14 . . 36 . . . . . Distress Signals 51 | . . . . . . . . . . 2 . . . . . 14 . . 35 . . . . . Times Spotted 460 | . 24 6 24 8 21 40 21 2 . 41 6 10 64 2 9 31 13 7 28 28 14 17 14 30 Peak Tracking Total 18 | . 4 3 6 3 5 5 9 1 . 8 5 4 18 2 4 4 5 1 11 5 4 5 7 11 Tactical Retreats 28 | . 1 . 1 . . . 3 . . 3 . 1 3 . 1 1 . . 3 3 1 1 2 4 ECM-based Alert Blocks 18 | . . . . . . . . . . . . . . . 6 1 . . 7 2 2 . . . Traps | -11 -10 -10 -9 -9 -8 -7 -7 -7 -7 -5 -5 -5 -5 -4 -4 -4 -4 -4 -4 -3 -3 -2 -2 -2 ------- Run | Yrd Mat Min Mat Min Mat Fac Sto Rec Scr Fac Upp Upp War Pro Fac Ext Cet Arc Hub Res Tes Res Qua Frg Traps Triggered 16 | . . . . . . 2 . . . 4 . . 1 . . . . . 1 3 1 . 2 2 Indirectly . | . . . . . . . . . . . . . . . . . . . . . . . . . Trap Hack Attempts . | . . . . . . . . . . . . . . . . . . . . . . . . . Triggered . | . . . . . . . . . . . . . . . . . . . . . . . . . Disarmed . | . . . . . . . . . . . . . . . . . . . . . . . . . Reprogrammed . | . . . . . . . . . . . . . . . . . . . . . . . . . Reused . | . . . . . . . . . . . . . . . . . . . . . . . . . Traps Extracted . | . . . . . . . . . . . . . . . . . . . . . . . . . Installed . | . . . . . . . . . . . . . . . . . . . . . . . . . Triggered . | . . . . . . . . . . . . . . . . . . . . . . . . . Most Traps Carried 1 | . . . . . . . . . . . . 1 1 . . . . . . . . . . . Machines | -11 -10 -10 -9 -9 -8 -7 -7 -7 -7 -5 -5 -5 -5 -4 -4 -4 -4 -4 -4 -3 -3 -2 -2 -2 ---------- Run | Yrd Mat Min Mat Min Mat Fac Sto Rec Scr Fac Upp Upp War Pro Fac Ext Cet Arc Hub Res Tes Res Qua Frg Machines Disabled 69 | . . . 1 1 1 3 2 . . 39 . . 1 1 . . . 4 5 2 4 . 2 3 Max in Single Turn 11 | . . . 1 1 1 1 1 . . 11 . . 1 1 . . . 2 1 1 1 . 1 2 Garrison Access 7 | . . . . . . . 1 . . 2 . . . . . . . . . 1 1 1 . 1 Network Hub 2 | . . . . . . . . . . . . . . . . . . . 2 . . . . . Machines Repaired . | . . . . . . . . . . . . . . . . . . . . . . . . . Machines Dismantled . | . . . . . . . . . . . . . . . . . . . . . . . . . Machines Sabotaged 1 | . . . . . . . . . . . . . . . . . . . 1 . . . . . Overloaded Fab Kills . | . . . . . . . . . . . . . . . . . . . . . . . . . Hacking | -11 -10 -10 -9 -9 -8 -7 -7 -7 -7 -5 -5 -5 -5 -4 -4 -4 -4 -4 -4 -3 -3 -2 -2 -2 --------- Run | Yrd Mat Min Mat Min Mat Fac Sto Rec Scr Fac Upp Upp War Pro Fac Ext Cet Arc Hub Res Tes Res Qua Frg Machines Accessed 109 | . 9 . 11 1 6 12 3 13 2 13 . . 1 . 2 9 1 . 3 8 2 5 4 4 Terminals 65 | . 7 . 8 . 4 6 3 6 . 4 . . . . 2 8 1 . 3 4 1 2 3 3 Fabricators . | . . . . . . . . . . . . . . . . . . . . . . . . . Repair Stations 4 | . . . 1 . . 3 . . . . . . . . . . . . . . . . . . Recycling Units 20 | . 2 . 1 . . 2 . 6 . 6 . . . . . 1 . . . 2 . . . . Scanalyzers 8 | . . . 1 . 2 1 . . . 1 . . . . . . . . . 1 . 2 . . Garrison Access 7 | . . . . . . . . . . 2 . . . . . . . . . 1 1 1 1 1 Total Hacks 282 | . 27 . 33 1 21 21 9 21 12 25 . . 1 . 4 22 1 . 4 28 5 23 15 9 Successful 147 | . 16 . 20 1 14 9 3 12 12 9 . . 1 . 2 6 1 . 2 17 3 11 4 4 Failed 130 | . 10 . 12 . 7 11 6 9 . 16 . . . . 2 16 . . 2 10 2 11 11 5 Catastrophic 22 | . 2 . 1 . 1 3 . 3 . 3 . . . . . . . . 1 . . 1 3 4 Database Lockouts 5 | . 1 . 1 . . 1 . . . . . . . . . . . . . 1 . 1 . . Manual 161 | . 27 . 23 . 13 6 6 21 . 18 . . . . 2 10 1 . 4 8 . 10 6 6 Terminals 200 | . 25 . 25 . 13 9 9 14 . 13 . . . . 4 21 1 . 4 22 4 15 13 8 Fabricators . | . . . . . . . . . . . . . . . . . . . . . . . . . Repair Stations 10 | . . . 3 . . 7 . . . . . . . . . . . . . . . . . . Recycling Units 23 | . 2 . 2 . . 2 . 6 . 8 . . . . . 1 . . . 2 . . . . Scanalyzers 25 | . . . 3 . 8 3 . . . 1 . . . . . . . . . 3 . 7 . . Garrison Access 9 | . . . . . . . . . . 3 . . . . . . . . . 1 1 1 2 1 Terminal Hacks 62 | . 7 . 7 1 . 1 2 1 12 2 . . 1 . 2 3 1 . . 9 2 5 4 2 Record 12 | . . . . . . . . . 12 . . . . . . . . . . . . . . . Part Schematic 1 | . 1 . . . . . . . . . . . . . . . . . . . . . . . Robot Analysis 2 | . 2 . . . . . . . . . . . . . . . . . . . . . . . Prototype ID Bank 8 | . 2 . 3 . . . 1 . . . . . . . . . . . . 1 . 1 . . Open Door 6 | . . . . 1 . . . . . . . . 1 . 1 2 1 . . . . . . . Branch Access Points 6 | . 1 . 1 . . . . . . 1 . . . . 1 . . . . 1 . 1 . . Machine Index 2 | . . . . . . . . . . . . . . . . . . . . 1 . 1 . . Terminal Index 3 | . 1 . 1 . . . . . . . . . . . . . . . . 1 . . . . Alert Level 2 | . . . . . . 1 . . . . . . . . . . . . . 1 . . . . Unreport Threat 5 | . . . 1 . . . . . . . . . . . . . . . . 2 . . 1 1 Recall Investigation 1 | . . . . . . . . . . . . . . . . 1 . . . . . . . . Recall Reinforcements 1 | . . . . . . . . . . . . . . . . . . . . . . . 1 . Registered Components 7 | . . . 1 . . . 1 . . 1 . . . . . . . . . 1 1 1 1 . Registered Prototypes 3 | . . . . . . . . . . . . . . . . . . . . 1 1 1 . . Zone Layout 1 | . . . . . . . . . . . . . . . . . . . . . . . 1 . Proto ID Catalog 1 | . . . . . . . . . . . . . . . . . . . . . . . . 1 Release Object 1 | . . . . . . . . 1 . . . . . . . . . . . . . . . . Fabricator Hacks . | . . . . . . . . . . . . . . . . . . . . . . . . . Repair Station Hacks 7 | . . . 2 . . 5 . . . . . . . . . . . . . . . . . . Scan Component 4 | . . . 1 . . 3 . . . . . . . . . . . . . . . . . . Repair 3 | . . . 1 . . 2 . . . . . . . . . . . . . . . . . . Recycling Unit Hacks . | . . . . . . . . . . . . . . . . . . . . . . . . . Scanalyzer 17 | . . . 2 . 8 1 . . . . . . . . . . . . . 2 . 4 . . Insert Component 1 | . . . . . 1 . . . . . . . . . . . . . . . . . . . Analyze 1 | . . . . . 1 . . . . . . . . . . . . . . . . . . . Retrieve Study 15 | . . . 2 . 6 1 . . . . . . . . . . . . . 2 . 4 . . Garrison Access Hacks 5 | . . . . . . . . . . 2 . . . . . . . . . 1 1 1 . . Seal Access 5 | . . . . . . . . . . 2 . . . . . . . . . 1 1 1 . . Unauthorized Hacks 55 | . 9 . 8 . 6 2 1 11 . 5 . . . . . 3 . . 2 5 . 1 . 2 Terminals 36 | . 7 . 7 . 6 1 1 5 . . . . . . . 2 . . 2 3 . 1 . 1 Assimilate 2 | . . . . . . . . . . . . . . . . . . . . 1 . 1 . . Botnet 14 | . 2 . 2 . 2 1 1 2 . . . . . . . 1 . . . 2 . . . 1 Operators 2 | . . . . . 1 . . . . . . . . . . 1 . . . . . . . . Skim 16 | . 5 . 5 . 3 . . 3 . . . . . . . . . . . . . . . . Sabotage 2 | . . . . . . . . . . . . . . . . . . . 2 . . . . . Fabricators . | . . . . . . . . . . . . . . . . . . . . . . . . . Repair Stations . | . . . . . . . . . . . . . . . . . . . . . . . . . Recycling Units 18 | . 2 . 1 . . 1 . 6 . 5 . . . . . 1 . . . 2 . . . . Tunnel 10 | . 2 . 1 . . 1 . 6 . . . . . . . . . . . . . . . . Fedlink 5 | . . . . . . . . . . 2 . . . . . 1 . . . 2 . . . . Scrapoids 3 | . . . . . . . . . . 3 . . . . . . . . . . . . . . Scanalyzers . | . . . . . . . . . . . . . . . . . . . . . . . . . Garrison Access 1 | . . . . . . . . . . . . . . . . . . . . . . . . 1 Jam 1 | . . . . . . . . . . . . . . . . . . . . . . . . 1 Data Cores Recovered 1 | . . . . . . . . . . . . . . . 1 . . . . . . . . . Used 1 | . . . . . . . . . . . . . . . 1 . . . . . . . . . Hacking Detections 71 | . 7 . 8 . 5 11 3 6 . 7 . . . . 2 7 1 . 1 4 1 2 4 2 Full Trace Events 5 | . . . . . . 1 1 . . 1 . . . . . 1 . . 1 . . . . . Feedback Events . | . . . . . . . . . . . . . . . . . . . . . . . . . Feedback Blocked . | . . . . . . . . . . . . . . . . . . . . . . . . . Robot Schematics Acquired . | . . . . . . . . . . . . . . . . . . . . . . . . . Robots Built . | . . . . . . . . . . . . . . . . . . . . . . . . . Authchips . | . . . . . . . . . . . . . . . . . . . . . . . . . Time . | . . . . . . . . . . . . . . . . . . . . . . . . . Total Robot Build Rating . | . . . . . . . . . . . . . . . . . . . . . . . . . Part Schematics Acquired 2 | . 1 . . . 1 . . . . . . . . . . . . . . . . . . . Parts Built . | . . . . . . . . . . . . . . . . . . . . . . . . . Authchips . | . . . . . . . . . . . . . . . . . . . . . . . . . Time . | . . . . . . . . . . . . . . . . . . . . . . . . . Total Part Build Rating . | . . . . . . . . . . . . . . . . . . . . . . . . . Part Studies Acquired 15 | . . . 2 . 6 1 . . . . . . . . . . . . . 2 . 4 . . Parts Repaired 3 | . . . 1 . . 2 . . . . . . . . . . . . . . . . . . Time 108 | . . . 26 . . 82 . . . . . . . . . . . . . . . . . . Parts Recycled . | . . . . . . . . . . . . . . . . . . . . . . . . . Recycled Matter . | . . . . . . . . . . . . . . . . . . . . . . . . . Retrieved Matter . | . . . . . . . . . . . . . . . . . . . . . . . . . Retrieved Components . | . . . . . . . . . . . . . . . . . . . . . . . . . Parts Scanalyzed 1 | . . . . . 1 . . . . . . . . . . . . . . . . . . . Part Schematics Acquired 1 | . . . . . 1 . . . . . . . . . . . . . . . . . . . Parts Damaged . | . . . . . . . . . . . . . . . . . . . . . . . . . Bothacking | -11 -10 -10 -9 -9 -8 -7 -7 -7 -7 -5 -5 -5 -5 -4 -4 -4 -4 -4 -4 -3 -3 -2 -2 -2 ------------ Run | Yrd Mat Min Mat Min Mat Fac Sto Rec Scr Fac Upp Upp War Pro Fac Ext Cet Arc Hub Res Tes Res Qua Frg Used RIF Installer . | . . . . . . . . . . . . . . . . . . . . . . . . . Robots Hacked . | . . . . . . . . . . . . . . . . . . . . . . . . . Non-combat . | . . . . . . . . . . . . . . . . . . . . . . . . . Combat . | . . . . . . . . . . . . . . . . . . . . . . . . . Robot Hacks Applied . | . . . . . . . . . . . . . . . . . . . . . . . . . Relay Couplers Released 2 | . . . . . . . 2 . . . . . . . . . . . . . . . . . Machine Destruction 2 | . . . . . . . 2 . . . . . . . . . . . . . . . . . Fabnet Peak Effective % . | . . . . . . . . . . . . . . . . . . . . . . . . . Robots Rewired 23 | . . . . . . . . . . . . . . . . 23 . . . . . . . . Allies Hacked . | . . . . . . . . . . . . . . . . . . . . . . . . . Hacks Repelled . | . . . . . . . . . . . . . . . . . . . . . . . . . Allies | -11 -10 -10 -9 -9 -8 -7 -7 -7 -7 -5 -5 -5 -5 -4 -4 -4 -4 -4 -4 -3 -3 -2 -2 -2 -------- Run | Yrd Mat Min Mat Min Mat Fac Sto Rec Scr Fac Upp Upp War Pro Fac Ext Cet Arc Hub Res Tes Res Qua Frg Total Allies 50 | . . 3 . . . . . . . 15 . . . . . 25 5 . . 1 . 1 . . Largest Group 19 | . . 3 3 . . . . . . 10 2 . . . . 17 19 15 10 1 . 1 . . Highest-Rated Group 1195 | . . 40 40 . . . . . . 476 94 . . . . 867 1195 915 663 26 . 26 . . Highest-Rated Ally 159 | . . 16 16 . . . . . . 50 47 . . . . 159 159 96 96 26 . 26 . . Initial UFD Resources 73 | . . . . . . . . . . 38 43 43 43 45 45 45 55 55 55 57 71 73 73 73 Total Orders 11 | . . . . . 1 7 . . . . . . . . . . . . 3 . . . . . STAY 2 | . . . . . . . . . . . . . . . . . . . 2 . . . . . FOLLOW 1 | . . . . . . . . . . . . . . . . . . . 1 . . . . . EXPLORE 7 | . . . . . 1 6 . . . . . . . . . . . . . . . . . . RETURN 1 | . . . . . . 1 . . . . . . . . . . . . . . . . . . Ally Attacks 414 | . . . 40 . . . . . . 98 3 . . . . 102 56 23 92 . . . . . Total Damage 11284 | . . . 470 . . . . . . 2080 75 . . . . 3310 1824 748 2777 . . . . . Kills 67 | . . . 7 . . . . . . 17 1 . . . . 19 6 2 15 . . . . . Allies Corrupted 4 | . . . . . . . . . . 2 . . . . . . . . 2 . . . . . Allies Melted 2 | . . . . . . . . . . . . . 1 1 . . . . . . . . . . Intel | -11 -10 -10 -9 -9 -8 -7 -7 -7 -7 -5 -5 -5 -5 -4 -4 -4 -4 -4 -4 -3 -3 -2 -2 -2 ------- Run | Yrd Mat Min Mat Min Mat Fac Sto Rec Scr Fac Upp Upp War Pro Fac Ext Cet Arc Hub Res Tes Res Qua Frg Active Infowar (turns) 20958 | 42 1352 1087 1192 1210 1174 2648 111 1247 1729 1282 809 617 915 . 120 1359 747 383 707 868 482 406 248 223 Optics 537 | . . . . . . . . . . . . . . . . . . . . . . 66 248 223 Sensors 4847 | . . . . . . . . . . 361 738 617 898 . . . . . 651 607 473 348 108 46 Terrain 571 | . . . . . . . . . . . . . . . . . . . . . 231 340 . . Structural 80 | . . . . . . . . . . . . . . . . 80 . . . . . . . . Seismic 11981 | 42 1352 1087 1192 1210 1174 2648 54 904 . 1276 809 233 . . . . . . . . . . . . Machine Analysis 3009 | . . . . . . . . 646 1729 634 . . . . . . . . . . . . . . Jamming 3160 | . . . . . . . 57 . . 395 . 76 19 . 120 1241 . 2 707 543 . . . . ECM 3364 | . . . . . . . . . . . . . . . 119 1359 747 383 613 94 49 . . . Robot Analysis Total 2 | . 2 . . . . . . . . . . . . . . . . . . . . . . . Derelict Logs Recovered 5 | . . 1 . 1 . . . . . . 1 1 . 1 . . . . . . . . . . Drone Launches 22 | . . . . . 4 18 . . . . . . . . . . . . . . . . . . Drone Recoveries 6 | . . . . . . 6 . . . . . . . . . . . . . . . . . . Exploration | -11 -10 -10 -9 -9 -8 -7 -7 -7 -7 -5 -5 -5 -5 -4 -4 -4 -4 -4 -4 -3 -3 -2 -2 -2 ------------- Run | Yrd Mat Min Mat Min Mat Fac Sto Rec Scr Fac Upp Upp War Pro Fac Ext Cet Arc Hub Res Tes Res Qua Frg Turns Passed 23055 | 110 1352 1087 1679 1210 1270 2838 390 1270 1729 1291 809 617 1152 356 123 1359 747 383 725 993 531 495 248 291 Spaces Moved 14501 | 53 614 616 842 617 502 1528 164 676 1162 856 591 403 872 321 96 815 313 154 359 823 461 680 375 608 Core 39 | 2 . . . . . . . . . . . . . . . . . . . . . 36 . 1 Treads 3183 | 51 614 616 842 231 . . . . . 89 . . 12 . . . 259 154 315 . . . . . Legs 5534 | . . . . 386 502 546 20 676 1162 259 . . 172 321 96 815 54 . 44 481 . . . . Wheels 3316 | . . . . . . 982 144 . . 508 591 403 688 . . . . . . . . . . . Hover 1468 | . . . . . . . . . . . . . . . . . . . . 342 461 551 9 105 Flight 961 | . . . . . . . . . . . . . . . . . . . . . . 93 366 502 Fastest Speed 13 | 50 160 160 160 160 115 114 115 175 105 100 100 100 100 102 102 102 108 160 112 43 42 37 37 13 Average Speed 123 | 155 160 160 160 185 187 143 135 175 143 111 107 103 109 102 102 102 151 160 154 84 56 43 41 34 Slowest Speed 240 | 160 160 160 160 200 200 186 175 175 175 232 110 110 240 102 102 108 240 160 160 116 113 152 160 200 Overloaded Moves 66 | . . . . . . . . . . . . . . . . . . . . . . . . 66 Propulsion Burnouts . | . . . . . . . . . . . . . . . . . . . . . . . . . Robots Hopped 3 | . . . . . . . . . . . . . . . . . . . . . . 1 . 2 Potential Cave-ins 11 | . . . . . . . . . . 4 . . . . . . . . . . . 2 . 5 Cave-ins Triggered . | . . . . . . . . . . . . . . . . . . . . . . . . . Teleports 1 | . . . . . . . . . . . . . . . . . . . . . . . 1 . Exploration Rate (%) 57 | 4 92 99 68 96 69 41 40 99 84 24 71 54 92 63 4 81 67 83 48 25 39 24 40 27 Regions Visited 24 Branch Regions 16 Pre-discovered Areas 14 | . 3 . 2 . . 1 . 6 . 1 . . . 1 . . . . . . . . . . Known Exits Taken 18 | . 1 1 1 1 1 . 1 1 . 1 1 1 1 1 1 . . . 1 1 1 1 1 . Unknown Exits Taken 6 | 1 . . . . . 1 . . 1 . . . . . . 1 1 1 . . . . . . Scrap Searched 10 | . . 2 . 1 . . . . 3 . 2 2 . . . . . . . . . . . . Spaces Dug 284 | . . 8 25 . 26 33 12 . . 41 3 3 . 1 3 . . . 34 6 5 10 74 . Terrain Destroyed 876 | . 47 14 25 51 61 103 47 . . 176 33 16 33 1 6 12 9 10 90 14 6 24 75 23 Melee 22 | . . . 3 . . 3 . . . 8 . . . . . . . . . . 5 3 . . Projectile 291 | . . . . . 38 26 26 . . 62 33 16 1 1 6 12 9 10 20 13 1 16 1 . AOE 562 | . 47 14 22 51 23 74 21 . . 106 . . 32 . . . . . 70 . . 5 74 23 Terrain Rammed . | . . . . . . . . . . . . . . . . . . . . . . . . . Walls Destroyed . | . . . . . . . . . . . . . . . . . . . . . . . . . Machines Disabled . | . . . . . . . . . . . . . . . . . . . . . . . . . Actions | -11 -10 -10 -9 -9 -8 -7 -7 -7 -7 -5 -5 -5 -5 -4 -4 -4 -4 -4 -4 -3 -3 -2 -2 -2 --------- Run | Yrd Mat Min Mat Min Mat Fac Sto Rec Scr Fac Upp Upp War Pro Fac Ext Cet Arc Hub Res Tes Res Qua Frg Total 18429 | 67 899 704 1062 662 772 2005 281 727 1226 1121 742 578 1045 334 110 1227 534 242 485 1041 652 798 460 655 Wait 1845 | . 196 69 92 2 182 238 65 4 9 60 97 142 48 5 5 196 137 50 65 65 66 18 31 3 Move 14471 | 52 613 615 841 616 501 1527 163 675 1161 855 590 402 871 320 95 814 312 153 358 822 460 677 374 604 Hop 3 | . . . . . . . . . . . . . . . . . . . . . . 1 . 2 Pick Up 242 | 3 15 2 25 6 17 29 1 11 14 24 6 1 16 . . 12 6 1 7 17 12 8 4 5 Fast Attach 201 | 7 . . 2 1 2 11 3 7 12 12 2 3 32 . . 10 16 5 3 30 17 10 4 12 Attach 110 | . . 2 2 3 5 11 7 5 1 12 . 2 8 . 2 1 1 . 8 12 7 12 4 5 Detach 46 | . . . . . 1 3 1 . 1 6 . 1 7 . . . 1 3 2 9 6 4 1 . Swap 194 | . 11 5 21 6 9 33 5 2 4 21 5 3 6 3 . 17 5 3 6 12 15 1 . 1 Drop 346 | . 12 3 19 9 19 38 3 4 24 36 9 2 39 . . 24 27 4 7 27 28 9 2 1 Fire 699 | 5 47 7 50 14 35 108 32 2 . 78 33 22 18 6 8 54 29 23 26 46 3 36 8 9 Melee 109 | . . . 8 . . 3 . 17 . 13 . . . . . . . . . . 38 21 . 9 Ram 3 | . . . . . . . 1 . . . . . . . . . . . . . . 1 . 1 Kick 11 | . . . . 3 1 4 . . . . . . . . . 2 . . . 1 . . . . Crush 13 | . 5 1 2 2 . . . . . . . . . . . . . . 3 . . . . . Escape Stasis 39 | . . . . . . . . . . 4 . . . . . . . . . . . . 32 3 Rewire 97 | . . . . . . . . . . . . . . . . 97 . . . . . . . . Trap . | . . . . . . . . . . . . . . . . . . . . . . . . . Miscellaneous . | . . . . . . . . . . . . . . . . . . . . . . . . . Route ------- -11/Scrapyard -10/Materials (discovered 5 exits: *Mat x3 / *Min / *Sub) -10/Mines (discovered 4 exits: *Mat x2 / [*Exi] / *Sub) -9/Materials (discovered 5 exits: *Mat x3 / *Min x2) -9/Mines (discovered 2 exits: *Mat x2) -8/Materials (discovered 3 exits: *Fac x3) -7/Factory (discovered 4 exits: *Fac / *Sto / *Low x2) -7/Storage -7/Recycling (discovered 2 exits: *Fac / *Scr) -7/Scraptown (discovered 2 exits: *Fac x2) -5/Factory (discovered 2 exits: *Upp x2) -5/Upper Caves -5/Upper Caves (discovered 2 exits: *Fac / *War) -5/Warlord -4/Proximity Caves -4/Factory (discovered 5 exits: Res / Upp x2 / *Ext x2) -4/Extension (discovered 2 exits: *Res / *Cet) -4/Cetus (discovered 2 exits: *Res / [*Arc]) -4/Archives (discovered 3 exits: *Res / *Hub x2) -4/Hub_04(d) (discovered 2 exits: *Res x2) -3/Research (discovered 3 exits: *Arm / *Tes x2) -3/Testing -2/Research (discovered 3 exits: [Acc] / *Qua x2) -2/Quarantine (discovered 3 exits: [*Acc] / *Sec / *Frg) -2/Protoforge (discovered 1 exit: [*Acc]) History --------- Turn | Location | Event 56 | -11/Scrapyard | Discovered new exit (range 15) 111 | -11/Scrapyard | Entered Materials 293 | -10/Materials | Discovered new exit (range 11) 302 | -10/Materials | Build established: Mutant 523 | -10/Materials | Discovered new exit (range 9) 692 | -10/Materials | Discovered new exit (range 16) 864 | -10/Materials | Central database locked down 1050 | -10/Materials | Discovered new exit (range 11) 1071 | -10/Materials | Identified exit to Mines 1228 | -10/Materials | Learned Storage trap positions 1332 | -10/Materials | Learned 2 Mines zone layouts 1368 | -10/Materials | Learned location of 1 exit from Recycling 1413 | -10/Materials | Learned location of Mines (-9) 1463 | -10/Materials | Entered Mines 1464 | -10/Mines | Assembled infested the area 1464 | -10/Mines | Identified exit to Materials 1464 | -10/Mines | Identified exit to Subcaves 1469 | -10/Mines | Assisted by a Guerilla fighting off Assembled 1767 | -10/Mines | Deemed a non-threat by the Exiles lab entrance 1767 | -10/Mines | Discovered new exit (range 5) 1872 | -10/Mines | Found a Scrap Suit stashed away for nefarious purposes 2121 | -10/Mines | Build established: Scavenger-Mutant 2392 | -10/Mines | Learned Materials trap positions 2514 | -10/Mines | Discovered exit to Materials (range 12) 2522 | -10/Mines | Assisted by bots powering up and referring to "LRC-V3" 2550 | -10/Mines | Entered Materials 2550 | -9/Materials | Accompanied by 3 allies 2550 | -9/Materials | Evolved 2 slots: Propulsion x1, Weapon x1 2551 | -9/Materials | Loaded intel: 19 trap records 2704 | -9/Materials | Discovered new exit (range 5) 3078 | -9/Materials | Build established: Gunner 3110 | -9/Materials | Identified exit to Mines 3524 | -9/Materials | Learned Materials trap positions 3557 | -9/Materials | Learned Storage security intel 3581 | -9/Materials | Learned Materials trap positions 3586 | -9/Materials | Destroyed 7 combat bots 3596 | -9/Materials | Identified exit to Materials 3629 | -9/Materials | Learned Materials trap positions 3632 | -9/Materials | Central database locked down 3701 | -9/Materials | Repaired Lgt. Treads 4229 | -9/Materials | Entered Mines 4313 | -9/Mines | Discovered exit to Materials (range 8) 4346 | -9/Mines | Learned 4 Materials zone layouts 4516 | -9/Mines | Discovered exit to Materials (range 14) 4588 | -9/Mines | Found the Drone Emporium 4627 | -9/Mines | Found Prototype Device 5439 | -9/Mines | Entered Materials 5439 | -8/Materials | Evolved 2 slots: Propulsion x1, Utility x1 5440 | -8/Materials | Identified exit to Factory 5441 | -8/Materials | Loaded intel: 14 trap records 5517 | -8/Materials | Identified Decoy Drone Bay 5532 | -8/Materials | Discovered exit to Factory (range 38) 5538 | -8/Materials | Discovered exit to Factory (range 63) 6205 | -8/Materials | Destroyed 7 combat bots 6709 | -8/Materials | Entered Factory 6709 | -7/Factory | Evolved 2 slots: Propulsion x1, Utility x1 6758 | -7/Factory | Discovered new exit (range 34) 6884 | -7/Factory | Repaired Titanium Leg+ 7079 | -7/Factory | Build established: Tank 7159 | -7/Factory | Discovered new exit (range 15) 7825 | -7/Factory | Lost 3 parts (1p1n1w) 8224 | -7/Factory | Garrison activated, responded to threat 8448 | -7/Factory | Central database locked down 8605 | -7/Factory | Identified exit to Factory 8723 | -7/Factory | Identified exit to Lower Caves 8914 | -7/Factory | Build established: Gunner 9104 | -7/Factory | Discovered exit to Lower Caves (range 3) 9121 | -7/Factory | Discovered new exit (range 11) 9162 | -7/Factory | Repaired Imp. Deuterium Engine 9214 | -7/Factory | Build established: Tank 9547 | -7/Factory | Entered Storage 9548 | -7/Storage | Identified exit to Recycling 9549 | -7/Storage | Loaded intel: 10 trap records 9889 | -7/Storage | Core integrity fell below 50% 9930 | -7/Storage | Lost 12 parts (2p4n4u2w) 9930 | -7/Storage | Used back door to open Recycling access 9937 | -7/Storage | Entered Recycling 9938 | -7/Recycling | Identified exit to Scraptown 10153 | -7/Recycling | Build established: Mutant 10247 | -7/Recycling | Discovered new exit (range 6) 11066 | -7/Recycling | Lost 5 parts (1p2n1u1w) 11080 | -7/Recycling | Scanned before Scraplab entrance 11207 | -7/Recycling | Entered Scraptown 11207 | -7/Scraptown | System corruption cleaned by C-Scrubber 11562 | -7/Scraptown | Heard Great Nut preacher, LISTEN AND RECITE! 11611 | -7/Scraptown | Discovered new exit (range 9) 11734 | -7/Scraptown | Visited Spacefarers 11765 | -7/Scraptown | Visited CPS Storage 11776 | -7/Scraptown | Visited Red Mages 11900 | -7/Scraptown | Visited Cyclists 11991 | -7/Scraptown | Visited Shadow of the Wyrm 12028 | -7/Scraptown | Visited Fellowship of the Rings 12101 | -7/Scraptown | Visited Symbiants 12236 | -7/Scraptown | Visited UFD Registry 12236 | -7/Scraptown | Registered with UFD as "Alphamech" 12276 | -7/Scraptown | Visited Scrapoid Pod Storage 12338 | -7/Scraptown | Visited Junk Repository 12482 | -7/Scraptown | Visited Chapter 10 12502 | -7/Scraptown | Visited Derelict Rescue Squad 12527 | -7/Scraptown | Visited Supply Room 12596 | -7/Scraptown | Visited A0-MCA Data Center 12602 | -7/Scraptown | Given an A rating by A0-MCA 12605 | -7/Scraptown | Found A0-MCA's Component Scanner 12674 | -7/Scraptown | Visited LU-1G1's Boring Crew 12693 | -7/Scraptown | Visited Observation Area 12813 | -7/Scraptown | Found Scrap Suit 12871 | -7/Scraptown | Met Optimus 12871 | -7/Scraptown | Accepted into 0bPrime 12932 | -7/Scraptown | Discovered new exit (range 5) 12936 | -7/Scraptown | Entered Factory 12936 | -5/Factory | Evolved 4 slots: Power x1, Utility x3 13038 | -5/Factory | Loaded intel: 8 recycling unit locations 13133 | -5/Factory | Learned location of Protoforge (-2) 13226 | -5/Factory | Scrapoids reinforcements arrived? 13247 | -5/Factory | Scrapoids reinforcements arrived? 13260 | -5/Factory | Identified exit to Upper Caves 13514 | -5/Factory | Found Prototype Launcher 13514 | -5/Factory | Identified Smartbomb Launcher 13519 | -5/Factory | Found Smartbomb Launcher 13621 | -5/Factory | Lost 4 allies 13828 | -5/Factory | Build established: Scavenger-Scrapper 13966 | -5/Factory | Lost 3 parts (1p1n1w) 14136 | -5/Factory | First assault squad dispatched 14209 | -5/Factory | Scrapoids reinforcements arrived? 14227 | -5/Factory | Entered Upper Caves 14227 | -5/Upper Caves | Accompanied by 2 allies 14253 | -5/Upper Caves | Lost 3 allies 14401 | -5/Upper Caves | Found Scrap Suit 14445 | -5/Upper Caves | Attracted the attention of an 0b10 checkpoint 14552 | -5/Upper Caves | Learned location of 1 exit from Factory 14937 | -5/Upper Caves | Attacked by a delusional Derelict stockpiling parts 14998 | -5/Upper Caves | Discovered new exit (range 14) 15011 | -5/Upper Caves | Identified exit to Upper Caves 15036 | -5/Upper Caves | Entered another Upper Caves area 15153 | -5/Upper Caves | Discovered new exit (range 8) 15159 | -5/Upper Caves | Identified exit to Factory 15176 | -5/Upper Caves | Found Alien Artifact 15176 | -5/Upper Caves | Identified Core Expander 15176 | -5/Upper Caves | Installed Core Expander, added new Power slot 15251 | -5/Upper Caves | Spotted B-75 Beast 15520 | -5/Upper Caves | Learned Factory terminal intel 15544 | -5/Upper Caves | Discovered new exit (range 10) 15625 | -5/Upper Caves | Ambushed by wild Derelicts 15652 | -5/Upper Caves | Identified exit to Warlord 15653 | -5/Upper Caves | Entered Warlord 15688 | -5/Warlord | System corruption cleaned by Quarantine Array 16070 | -5/Warlord | Visited the Vortex Lab 16073 | -5/Warlord | Found Prototype Energy Gun 16073 | -5/Warlord | Identified Vortex Rifle 16079 | -5/Warlord | Found Prototype Energy Gun 16079 | -5/Warlord | Identified Vortex Rail 16084 | -5/Warlord | Found Prototype Launcher 16084 | -5/Warlord | Identified Vortex Catalyst Activator 16087 | -5/Warlord | Warlord's base attacked by MAIN.C 16152 | -5/Warlord | Found Prototype Reactor 16152 | -5/Warlord | Identified Vortex Chain Reactor 16177 | -5/Warlord | Found Prototype Device 16177 | -5/Warlord | Identified System Purifier 16180 | -5/Warlord | Found Prototype Processor 16180 | -5/Warlord | Identified Exp. Target Analyzer 16305 | -5/Warlord | Rebuked by Warlord 16395 | -5/Warlord | Found Prototype Ballistic Cannon 16395 | -5/Warlord | Identified Hvy. Autocannon 16423 | -5/Warlord | Spotted Striker 16437 | -5/Warlord | Warlord forces counterattacked 16447 | -5/Warlord | Lost 4 allies 16507 | -5/Warlord | Spotted Executioner 16522 | -5/Warlord | Destroyed Executioner 16532 | -5/Warlord | Spotted Striker 16544 | -5/Warlord | Spotted Executioner 16565 | -5/Warlord | Found Prototype Processor 16565 | -5/Warlord | Identified Exp. Core Analyzer 16572 | -5/Warlord | Found Prototype Device 16572 | -5/Warlord | Identified Adv. Kinecellerator 16584 | -5/Warlord | Lost 12 allies 16590 | -5/Warlord | Spotted Executioner 16613 | -5/Warlord | Destroyed 11 combat bots 16687 | -5/Warlord | Spotted Executioner 16687 | -5/Warlord | Spotted B-75 Beast 16687 | -5/Warlord | Spotted B-86 Titan 16687 | -5/Warlord | Spotted B-75 Beast 16687 | -5/Warlord | Spotted Executioner 16687 | -5/Warlord | Spotted B-86 Titan 16732 | -5/Warlord | Lost 5 allies 16762 | -5/Warlord | Warlord base infiltrated, sounded retreat 16796 | -5/Warlord | Spotted Striker 16798 | -5/Warlord | Discovered new exit (range 9) 16804 | -5/Warlord | Identified exit to Proximity Caves 16805 | -5/Warlord | Entered Proximity Caves 16846 | -4/Proximity Caves | Build established: Scavenger-Tank 17155 | -4/Proximity Caves | Discovered exit to Factory (range 4) 17161 | -4/Proximity Caves | Entered Factory 17161 | -4/Factory | Evolved 2 slots: Utility x2 17162 | -4/Factory | Identified exit to Research 17163 | -4/Factory | Loaded intel: 28 terminal locations 17214 | -4/Factory | Identified exit to Upper Caves 17214 | -4/Factory | Identified exit to Extension 17284 | -4/Factory | Entered Extension 17583 | -4/Extension | Rescued A7 17593 | -4/Extension | Attached CPS modules to A7. 17649 | -4/Extension | Rescued a captive Derelict 17946 | -4/Extension | Spotted B-86 Titan 17965 | -4/Extension | Destroyed B-86 Titan 17977 | -4/Extension | Spotted B-86 Titan 17989 | -4/Extension | Allies destroyed B-86 Titan 18473 | -4/Extension | Build established: Commander-Tank 18502 | -4/Extension | Loaded intel: 1 recycling unit location 18556 | -4/Extension | Discovered exit to Research (range 10) 18557 | -4/Extension | Discovered new exit (range 6) 18643 | -4/Extension | Entered Cetus 18643 | -4/Cetus | Accompanied by 16 allies (A7) 18648 | -4/Cetus | Acquired a Cetus Manufacturing Module code from A7 18652 | -4/Cetus | Spotted Cetus Guard 18652 | -4/Cetus | Spotted Cetus Guard 18657 | -4/Cetus | Allies destroyed Cetus Guard 18658 | -4/Cetus | Spotted Cetus Guard 18662 | -4/Cetus | Destroyed Cetus Guard 18668 | -4/Cetus | Allies destroyed Cetus Guard 18671 | -4/Cetus | Spotted Cetus Guard 18673 | -4/Cetus | Destroyed Cetus Guard 18820 | -4/Cetus | Started Cetus Manufacturing Module 18832 | -4/Cetus | Escorted A7 to Cetus Mainframe 18845 | -4/Cetus | Manufactured an Enhanced Grunt 18854 | -4/Cetus | Discovered new exit (range 16) 18870 | -4/Cetus | Manufactured an Enhanced Grunt 18895 | -4/Cetus | Manufactured an Enhanced Grunt 18920 | -4/Cetus | Manufactured an Enhanced Grunt 18945 | -4/Cetus | Manufactured an Enhanced Grunt 18976 | -4/Cetus | Spotted Cetus Guard 18976 | -4/Cetus | Spotted Cetus Guard 18977 | -4/Cetus | Spotted Cetus Guard 18977 | -4/Cetus | Spotted Cetus Guard 18993 | -4/Cetus | Destroyed Cetus Guard 18997 | -4/Cetus | Allies destroyed Cetus Guard 18999 | -4/Cetus | Allies destroyed Cetus Guard 19000 | -4/Cetus | Destroyed Cetus Guard 19008 | -4/Cetus | Discovered exit to Research (range 15) 19027 | -4/Cetus | Met Revision 17 19170 | -4/Cetus | Murdered A7 19199 | -4/Cetus | Extracted ID and sensor layout for unrecognized location from A7's data core 19206 | -4/Cetus | Found Prototype Protection 19206 | -4/Cetus | Identified Med. Regenerative Plating 19390 | -4/Cetus | Entered Archives 19390 | -4/Archives | Accompanied by 15 allies 19472 | -4/Archives | Lost 3 allies 19478 | -4/Archives | Discovered new exit (range 15) 19569 | -4/Archives | Discovered exit to Research (range 16) 19650 | -4/Archives | Discovered new exit (range 16) 19734 | -4/Archives | Build established: Scavenger-Tank 19773 | -4/Archives | Entered Hub_04(d) 19773 | -4/Hub_04(d) | Accompanied by 11 allies 19848 | -4/Hub_04(d) | Discovered exit to Research (range 2) 20097 | -4/Hub_04(d) | Build established: Scavenger-Skirmisher 20166 | -4/Hub_04(d) | Lost 3 allies 20249 | -4/Hub_04(d) | Watched by a mysterious "MATRIX" hacker. 20317 | -4/Hub_04(d) | Lost 3 parts (2p1w) 20319 | -4/Hub_04(d) | Destroyed 9 combat bots 20339 | -4/Hub_04(d) | Discovered exit to Research (range 12) 20375 | -4/Hub_04(d) | Network Hub disabled 20453 | -4/Hub_04(d) | Network Hub disabled 20465 | -4/Hub_04(d) | System corruption reached 10% 20498 | -4/Hub_04(d) | Entered Research 20498 | -3/Research | Evolved 2 slots: Propulsion x1, Utility x1 20688 | -3/Research | Identified exit to Armory 20688 | -3/Research | Identified exit to Testing 20698 | -3/Research | Revision forces began assault on 0b10 20729 | -3/Research | Met up with Revision 17++ 20938 | -3/Research | Found Gamma Bomb Array 21021 | -3/Research | Loaded intel: 5 recycling unit locations 21076 | -3/Research | Lost 5 parts (2p2n1u) 21132 | -3/Research | Lost 6 allies 21198 | -3/Research | Research terminal network offline 21258 | -3/Research | Spotted Striker 21293 | -3/Research | Lost 4 allies 21402 | -3/Research | Found Prototype Processor 21402 | -3/Research | Identified Exp. Signal Interpreter 21406 | -3/Research | Found Prototype Launcher 21406 | -3/Research | Identified Tactical Quantum Warhead 21418 | -3/Research | Central database locked down 21457 | -3/Research | Found Prototype Processor 21457 | -3/Research | Identified Exp. Terrain Scan Processor 21480 | -3/Research | Spotted B-86 Titan 21491 | -3/Research | Entered Testing 21544 | -3/Testing | Found Prototype Device 21544 | -3/Testing | Identified AEGIS Remote Shield 21600 | -3/Testing | Build established: Hacker-Mutant 21707 | -3/Testing | Lost 4 parts (2p1n1u) 21766 | -3/Testing | Found Prototype Energy Cannon 21766 | -3/Testing | Identified Potential Cannon 21769 | -3/Testing | Found Prototype Energy Cannon 21770 | -3/Testing | Identified Imp. Potential Cannon 21792 | -3/Testing | System corruption reached 10% 21831 | -3/Testing | Lost 3 parts (1p1n1u) 21864 | -3/Testing | Found Prototype Launcher 21864 | -3/Testing | Identified Z-bomb Delivery System 21939 | -3/Testing | Found Prototype Device 21939 | -3/Testing | Identified Exp. Thermal Defense Suite 21942 | -3/Testing | Found Prototype Device 21942 | -3/Testing | Identified Exp. Shield Generator 22004 | -3/Testing | Discovered new exit (range 8) 22022 | -3/Testing | Identified exit to Research 22022 | -3/Testing | Entered Research 22022 | -2/Research | Evolved 2 slots: Propulsion x1, Utility x1 22114 | -2/Research | Spotted B-90 Cyclops 22194 | -2/Research | Discovered new exit (range 21) 22201 | -2/Research | Discovered new exit (range 9) 22218 | -2/Research | Central database locked down 22287 | -2/Research | Identified exit to Quarantine 22305 | -2/Research | Build established: Hacker-Scout 22366 | -2/Research | System corruption reached 10% 22421 | -2/Research | Lost 17 parts (5p7n3u2w) 22510 | -2/Research | Lost 5 parts (2n3u) 22517 | -2/Research | Entered Quarantine 22572 | -2/Quarantine | Found Alien Artifact 22575 | -2/Quarantine | Scanned by Researcher 22594 | -2/Quarantine | Found Alien Artifact 22595 | -2/Quarantine | Identified Hpw. Transdimensional Reconstructor 22595 | -2/Quarantine | Warped through subspace 22624 | -2/Quarantine | Lost 5 parts (1p1n2u1w) 22649 | -2/Quarantine | Discovered new exit (range 22) 22693 | -2/Quarantine | Found Alien Artifact 22718 | -2/Quarantine | Spotted Fortress 22746 | -2/Quarantine | Discovered new exit (range 7) 22746 | -2/Quarantine | Discovered new exit (range 6) 22747 | -2/Quarantine | Identified exit to Protoforge 22749 | -2/Quarantine | Identified exit to Section 7 22765 | -2/Quarantine | Entered Protoforge 22785 | -2/Protoforge | Superfortress began startup sequence 22846 | -2/Protoforge | Lost 3 parts (1n1u1w) 22850 | -2/Protoforge | Spotted B-90 Cyclops 22852 | -2/Protoforge | Discovered new exit (range 13) 22878 | -2/Protoforge | Identified Terrabomb 22878 | -2/Protoforge | Used Terrabomb 22878 | -2/Protoforge | Spotted Hotshot 22878 | -2/Protoforge | Spotted Hotshot 22878 | -2/Protoforge | Spotted Hotshot 22879 | -2/Protoforge | Core integrity fell below 50% 22880 | -2/Protoforge | Spotted Hotshot 22884 | -2/Protoforge | Identified Dimensional Node Initializer 22884 | -2/Protoforge | Initialized slip node 22930 | -2/Protoforge | Found Crosscalibrator 22932 | -2/Protoforge | Spotted Immortal 22932 | -2/Protoforge | Spotted Immortal 22934 | -2/Protoforge | Spotted Decapitator 22934 | -2/Protoforge | Spotted Decapitator 22934 | -2/Protoforge | Spotted Decapitator 22955 | -2/Protoforge | Found Cep. XC Strikerail 22960 | -2/Protoforge | Destroyed Decapitator 22965 | -2/Protoforge | System corruption reached 30% 22965 | -2/Protoforge | Found Exp. Terror Saw 22992 | -2/Protoforge | Destroyed Decapitator 22994 | -2/Protoforge | Core integrity fell below 20% 23002 | -2/Protoforge | Found Cep. XC Strikerail 23007 | -2/Protoforge | Found Cep. Helical Railcannon 23027 | -2/Protoforge | Spotted V587-y 23044 | -2/Protoforge | Spotted V942-y 23044 | -2/Protoforge | Spotted V675-c 23056 | -2/Protoforge | Destroyed by V942-y with Heavy Hardcell Cannon Last Messages --------------- data lost. 23036_ Field strength at 8. 23037_ Stasis field depleted. 23037_ Hacking Suite destroyed. 23037_ System corrupted by crushing effect (+1). 23039_ Component scanned: Faulty Cep. Networked Targeting System. 23039_ Component scanned: Exp. Kinecellerator. 23046_ Component scanned: Cep. Turbovents [V942-y]. 23046_ Component scanned: Prc. Matter Filter [V942-y]. 23046_ Component scanned: Adv. Particle Accelerator [V942-y]. 23046_ Component scanned: Hvy. Hardcell Cannon [V942-y]. 23046_ V675-c springs to life. 23046_ V942-y springs to life. 23051_ System corrupted: Component data lost. 23053_ Gravjet Array destroyed. Map ----- +----------------------------------------------------+ | ?????????????????????????????????????????????????? | | ?????????????????????????????????????????????????? | | ?????????????????????????????????????????????????? | | ?????????????????????????????????????????????????? | | ?????????????????????????????????????????????????? | | #######??????????######?????##???????????????????? | | """"""#??????????#""""######"#???????????????????? | | ][] ["#??????????#" " # # #???????????????????? | | /[![["#??????????#" #???????????????????? | | """###??????????#" #???????????????????? | | "???????????##//##""""#???###???????????????? | | ""#?????????#" "??"""#???????????????? | | "?????????#" ""#! "#???????????????? | | ""#???????## " "#???????????????? | | #???????#" "!!"#???????????????? | | ##??????#"" c " !"#???????????????? | | "#??????#"""" " !"#???????????????? | | "" "#??????#"""" "!!"#???????????????? | | "" "#??????#"" "!!"#???????????????? | | """" "#??????#" %V " !"#???????????????? | | #" """""#??????## V # "#???????????????? | | #########???????###""" ####"""#???????????????? | | #????????????????#" !" #????###???????????????? | | #????????????????#"! " #??????????????????????? | | ^#????????????????#"!!" #??????????????????????? | | #????????????????#" !" @#??????????????????????? | | #????????????????#"!!"p #??????????????????????? | | ###??????????????#"!!" %#??????????????????????? | | "#??????????????#"!!" #??????????????????????? | | "#??????????????#" !" #??????????????????????? | | "#??????????????#" " g#??????????????????????# | | ] "#??????????????#"""# g#????????????????????? # | | ###??????????????##### #????????????????????? # | | #????????????????????# Y#????????????????????? # | | #????????????????????# g#????????????????????? # | | #????????????????????# #???????????????????? # | | #????????????????????# #???????????????????? # | | #????????????????????# #???????????????????? # | | ###################### ##################### # | | # | | | | | | ###########++###################+++######## #### | | ???????# " "#???????????# #???# #??? | | ???????#= "#???????????# #???# #??? | | ???????# "#???????????# " " #???# #??? | | ???????#" !"#???????????# " " #???# #??? | | ???????#" T" ##???????????# ""G"" #???# #??? | | ???????#" "" "#???????????# #???# #??? | | ???????#" """" "#???????????###########???# #### | +----------------------------------------------------+ Best States ------------- Heat Dissipation 100 Energy Generation 79 Energy Capacity 950 Matter Stores 300 Matter Capacity 300 Sight Range 22 Robot Scan Range 18 Terrain Scan Range 24 Terrain Scan Density 1010 ECM Strength 2 Jamming Range 12 Additional Mass Support 20 Base Temperature (-) 200 Armor Coverage 450 Resistance: TH 30 Phase Shifting 10 Evasion (%) 69 Target Analysis 8 Core Analysis 8 Recoil Reduction 5 Offensive Hacking 40 Authchip Count 7 Item Schematics ----------------- Hcp. Storage Unit | -10/Materials | Hacked Imp. Light Armor Plating | -8/Materials | Scanalyzed Robot Schematics ------------------ None Fabricated ------------ Nothing Repaired ---------- Lgt. Treads | 1% | -9/Materials Titanium Leg | 41% | -7/Factory Imp. Deuterium Engine | 37% | -7/Factory Studied --------- Imp. Aluminum Leg | -9/Materials | Hacked Hvy. Assault Rifle | -9/Materials | Hacked Titanium Leg | -8/Materials | Hacked Ion Engine | -8/Materials | Hacked Rocket Launcher | -8/Materials | Hacked Minigun | -8/Materials | Hacked Great Maul | -8/Materials | Hacked Axe | -8/Materials | Hacked Imp. Carbon-fiber Leg | -7/Factory | Hacked Lgt. Antimatter Reactor | -3/Research | Hacked Antigrav Array | -3/Research | Hacked Mic. Antimatter Reactor | -2/Research | Hacked Cmb. Antigrav System | -2/Research | Hacked Imp. Antigrav System | -2/Research | Hacked Antigrav System | -2/Research | Hacked Alien Tech Used ----------------- Core Expander High-powered Transdimensional Reconstructor Terrabomb Dimensional Node Initializer Achievements -------------- None Challenges ------------ None Game ------ Seed WeldingAuthchipMace Manual? 0 Play Time 03:52:30 Cumulative 440.0 hours Start 2026.04.20 @ 17:54:03 End 2026.04.20 @ 22:18:12 Sessions 1 Manual Loads 0 Difficulty Rogue Special Mode None Game No. 262 Rogue 262 Adventurer 0 Explorer 0 Win Type - Total 18 Types 9/1/3/2/1/0/0/2/0/0 Lore% 94 Gallery% 81 Achievement% 72 Wizard Run 0 Options --------- Layout 1 ASCII 0 Keyboard 0 Movement Mouse Keybinds 0 Fullscreen 2 Font 32/SmallcapsGlow Map View 50x35 Zoom Use 0% Tactical HUD 1 Map Filters NONE Filters NONE Steam 1 RUN: c1af69f6-b332-4e8e-bc0c-243e6db95246